 Dungeon Crawl Stone Soup version 0.31-a0-801-gc67433417a (webtiles) character file.

Game seed: 11373281614489786487

77 Ivernyr the Slasher (level 4, -1/23 HPs)
             Began as a Vine Stalker Gladiator on Sept 20, 2023.
             Slain by Grinder (6 damage)
             ... on level 3 of the Dungeon.
             The game lasted 00:03:44 (1147 turns).

Ivernyr the Slasher (Vine Stalker Gladiator)        Turns: 1147, Time: 00:03:44

Health: -1/23      AC:  4    Str: 22    XL:     4   Next: 34%
Magic:  0/5        EV: 10    Int:  8    God:
Gold:   208        SH:  0    Dex: 21    Spells: 3/3 levels left

rFire   . . .        k - +8 mace "Zaenned" {heavy, Will- Str+6 Dex+3 Stlth+}
rCold   . . .        (no shield)
rNeg    . . .        b - +0 leather armour
rPois   .            c - +0 helmet
rElec   .            (no cloak)
rCorr   .            (no gloves)
SInv    .            (no boots)
Will    .....        (no amulet)
Stlth   +++          (no ring)
HPRegen 1.03/turn    (no ring)
MPRegen 0.09/turn

%: guardian spirit
@: constricted
A: fangs 2, regeneration 1, magic shield, antimagic bite, no potion heal 2
a: no special abilities


You were on level 3 of the Dungeon.
You visited 1 branch of the dungeon, and saw 3 of its levels.

You collected 208 gold pieces.

Inventory:

Hand Weapons
 a - a +0 long sword
 k - the +8 mace "Zaenned" (weapon) {heavy, Will- Str+6 Dex+3 Stlth+}
   (You found it on level 2 of the Dungeon)

   Str+6:     It affects your strength (+6).
   Dex+3:     It affects your dexterity (+3).
   Will-:     It decreases your willpower.
   Stlth+:    It makes you more stealthy.
Missiles
 d - 3 throwing nets (quivered)
 e - a javelin
Armour
 b - a +0 leather armour (worn)
 c - a +0 helmet (worn)
Scrolls
 g - 2 scrolls of fog {unknown}
 h - a scroll of teleportation {unknown}
Potions
 f - a potion of magic {unknown}
 i - a potion of haste {unknown}
 j - a potion of attraction {unknown}
 l - a potion of heal wounds {unknown}
 m - 2 potions of curing {unknown}
 n - a potion of might {unknown}
 o - a potion of degeneration {unknown}


   Skills:
 + Level 2.3 Fighting
 * Level 3.6 Long Blades
 - Level 1.7 Throwing
 + Level 1.1 Armour
 + Level 2.8 Dodging


You had 3 spell levels left.
You didn't know any spells.
Your spell library contained the following spells:

 Spells                   Type           Power      Damage    Failure   Level
 Scorch                   Fire           0%         2d5       58%         2
 Flame Wave               Conj/Fire      0%         2d4       99%         4
 Summon Cactus Giant      Summ           0%         N/A       100%        6


Dungeon Overview and Level Annotations

Branches:
Dungeon (3/15)

Altars:

Shops:
D:2 *

Annotations:
D:3 Grinder


Innate Abilities, Weirdness & Mutations

You have extremely sharp teeth.
Your natural rate of healing is unusually fast.
When hurt, damage is shared between your health and your magic reserves.
Your bite disrupts and absorbs the magic of your enemies.
Potions cannot restore your health.


Message History

Grinder gestures at you. Pain shoots through your body!
You barely miss Grinder. You bite Grinder.
Grinder's magic leaks into the air.
You drain her magic.
You feel invigorated.
Grinder is lightly wounded.
Grinder's magic is no longer disrupted.
Grinder blinks!
Grinder gestures at you.
You barely resist.
Grinder blinks!
An orc comes into view. It is wielding a +0 club.
A ball python comes into view.
The orc shouts!
The ball python hisses angrily.
You hear a shout!
Grinder blinks!
The orc misses you.
You sock the orc!
You kill the orc!
The ball python barely misses you. x2
Grinder gestures at you.
You barely resist.
An orc comes into view. It is wielding a +0 mace.
The ball python bites you but does no damage.
The ball python barely misses you. Grinder closely misses you.
You barely miss Grinder.
Grinder is lightly wounded.
The ball python barely misses you. The ball python grabs you.
The ball python constricts you. Grinder hits you.
You writhe in agony.
The ball python bites you but does no damage.
The ball python constricts you. Grinder hits you.
You writhe in agony.
The ball python misses you. The ball python constricts you.
You sock Grinder! You bite Grinder, but do no damage.
Grinder is moderately wounded.
An orc comes into view. It is wielding a +0 hand axe.
Grinder gestures at you. Pain shoots through your body!
* * * LOW HITPOINT WARNING * * *
The ball python completely misses you. The ball python constricts you.
Grinder hits you!
You die...
Grinder says, "Now the real fun starts!"

########...######
............#
#######....## ###
#.#.## ..# #...# #.#
###.# #o# ##'## #S#
##...## ##@# ##.....##
####.5#####.......##
##........#.........###
#.........+.........'..
##.#...##.#.........###
#.##..# .##.......##
#.#...# ###.....##
#.#.### ##...## # #.#.#
##+# #


You could see Grinder, an orc and a ball python.

Vanquished Creatures
  2 adders (D:2)
  A dart slug (D:1)
  A worm (D:2)
  An orc (D:3)
  3 ball pythons (D:2)
  5 bats
  4 endoplasms
  A giant cockroach (D:1)
  11 goblins
  5 hobgoblins
  A quokka (D:2)
  3 frilled lizards
  9 kobolds
  3 rats
50 creatures vanquished.

Notes
Turn   | Place    | Note
-------+----------+-------------------------------------------
     0 | D:1      | Ivernyr the Vine Stalker Gladiator began the quest for the
                  | Orb.
     0 | D:1      | Reached XP level 1. HP: 11/11 MP: 2/2
    59 | D:1      | Found a faded altar of an unknown god.
   153 | D:1      | Reached XP level 2. HP: 15/15 MP: 3/3
   181 | D:1      | Reached skill level 3 in Long Blades
   340 | D:1      | Reached XP level 3. HP: 17/18 MP: 4/4
   535 | D:2      | Reached skill level 1 in Armour
   577 | D:2      | Found Xugh's General Store.
   658 | D:2      | Identified the +8 mace "Zaenned" {heavy, Will- Str+6 Dex+3
                  | Stlth+}
   711 | D:2      | Reached XP level 4. HP: 23/23 MP: 5/5
  1136 | D:3      | Noticed Grinder
  1147 | D:3      | Slain by Grinder

Illustrated notes

Levels and vault maps discovered:
D:1:      dpeg_arrival_more_subterranean_lakeside_camping, layout_rooms,
          shapermc_ecumenical_altar_notcrosses
D:2:      layout_rooms, serial_shops, shop_coins, minmay_goblin_outpost
D:3:      layout_loops_corners, gammafunk_ghost_grave, uniq_crazy_yiuf_cottage,
          uniq_grinder, uniq_sigmund

Skill      XL: |  1  2  3 |
---------------+----------+-----
Fighting       | 2 |  2.3
Long Blades    | 3 |  3.6
Armour         | 1 |  1.1
Throwing       | |  1.7
Dodging        | |  2.8

Action                     |  1- 3 |  4- 6 || total
---------------------------+-------+-------++-------
  Melee: Long sword        |    76 |       ||    76
         Bite              |     9 |     3 ||    12
         Punch             |     1 |       ||     1
         Mace              |     2 |    23 ||    25
   Stab: Sleeping          |     2 |     1 ||     3
 Armour: Leather armour    |    57 |    26 ||    83
  Dodge: Dodged            |    53 |    35 ||    88

Table legend: (Time is in decaauts)
 A = Elapsed time spent in this place.
 B = Non-inter-level travel time spent in this place.
 C = Inter-level travel time spent in this place.
 D = Time resting spent in this place.
 E = Time spent auto-exploring this place.
 F = Levels seen in this place.
 G = Mean time per level.
                   A        B        C        D        E       F      G
               +--------+--------+--------+--------+--------+-----+--------+
         Total |   1191 |   1150 |     41 |      0 |    796 |   3 |  397.0 |
       Dungeon |   1191 |   1150 |     41 |      0 |    796 |   3 |  397.0 |
               +--------+--------+--------+--------+--------+-----+--------+

Top non-repeatable levels by time:
     D:2: 486 daAuts
     D:1: 481 daAuts
     D:3: 223 daAuts
